 Dungeon Crawl Stone Soup version 0.30.0-10-gfe55d96785 (webtiles) character file.

Game seed: 202651348491218113

659 AlmostDecent the Skirmisher (level 7, 0/41 HPs)
             Began as a Gargoyle Hunter on May 14, 2023.
             Slain by a wight
             ... wielding a +6 scimitar of freezing
              (11 damage)
             ... on level 4 of the Dungeon.
             The game lasted 00:06:53 (2902 turns).

AlmostDecent the Skirmisher (Gargoyle Hunter)       Turns: 2902, Time: 00:06:54

Health: 0/41       AC:  8    Str: 20    XL:     7   Next: 55%
Magic:  7/7        EV: 12    Int: 10    God:
Gold:   200        SH:  0    Dex: 15    Spells: 6/6 levels left

rFire   . . .        a - +0 shortbow
rCold   + . .        (shield currently unavailable)
rNeg    + . .        c - +0 leather armour
rPois   ∞            (no helmet)
rElec   +            (no cloak)
rCorr   .            (no gloves)
SInv    .            (no boots)
Will    .....        (no amulet)
Stlth   ++           d - +6 ring of strength
HPRegen 0.26/turn    g - ring of protection from cold
MPRegen 0.10/turn

%: no passive effects
@: no status effects
A: sickness immunity, AC +4, negative energy resistance 1, electricity
resistance, torment resistance 1, petrification resistance
a: no special abilities


You were on level 4 of the Dungeon.
You visited 1 branch of the dungeon, and saw 4 of its levels.

You collected 200 gold pieces.

Inventory:

Hand Weapons
 a - a +0 shortbow (weapon)
Missiles
 e - a throwing net
Armour
 c - a +0 leather armour (worn)
Jewellery
 d - a +6 ring of strength (left hand)
 g - a ring of protection from cold (right hand)
 l - a ring of protection from fire
Scrolls
 b - 2 scrolls of immolation
 h - a scroll of noise {unknown}
 i - 5 scrolls of identify {unknown}
 m - 2 scrolls of fear {unknown}
 o - a scroll of blinking {unknown}
Potions
 f - a potion of resistance {unknown}
 j - a potion of might {unknown}
 k - 2 potions of curing {unknown}
 n - a potion of lignification {unknown}
 p - a potion of cancellation {unknown}
 q - a potion of experience {unknown}
 r - a potion of mutation {unknown}
 s - a potion of degeneration {unknown}


   Skills:
 + Level 3.2 Fighting
 * Level 8.3 Ranged Weapons
 + Level 1.8 Armour
 + Level 2.1 Dodging
 + Level 1.1 Stealth


You had 6 spell levels left.
You didn't know any spells.
Your spell library contained the following spells:

 Spells                   Type           Power      Damage    Failure   Level
 Sandblast                Erth           0%         2d4       41%         1
 Passwall                 Tmut/Erth      0%         N/A       54%         2
 Stone Arrow              Conj/Erth      0%         3d7       78%         3


Dungeon Overview and Level Annotations

Branches:
Dungeon (4/15)
 Temple: D:4-7

Altars:
Dithmenos
Zin

Shops:
D:1 ?


Innate Abilities, Weirdness & Mutations

You are immune to sickness and miasma.
Your stone body is resilient. (AC +4)
You are immune to poison.
You resist negative energy. (rN+)
You are resistant to electric shocks. (rElec)
You are resistant to unholy torment.
You are immune to petrification.


Message History

You shoot an arrow. The arrow hits the wight.
The wight is lightly damaged.
You shoot an arrow. The arrow closely misses the wight.
You shoot an arrow. The arrow hits the wight.
The wight is moderately damaged.
You shoot an arrow.
The arrow hits the wight but does no damage.
The wight is moderately damaged.
You shoot an arrow.
The arrow hits the wight but does no damage.
The wight is moderately damaged.
You shoot an arrow. The arrow hits the wight.
The wight is heavily damaged.
The wight hits you with a +6 scimitar of freezing!
The wight freezes you.
You shoot an arrow.
The arrow hits the wight but does no damage.
The wight is heavily damaged.
The wight hits you with a +6 scimitar of freezing!
* * * LOW HITPOINT WARNING * * *
The wight freezes you.
* * * LOW HITPOINT WARNING * * *
The wight closely misses you.
You are too injured to fight recklessly!
You are too injured to fight recklessly!
You are too injured to fight recklessly!
Fire: a) +0 shortbow
Press: ? - help, Q - select action, (/) - cycle Shift-Dir - straight line, f/p - wight
Aim: a wight, wielding a +6 scimitar of freezing and wearing a +0 robe (heavily damaged, 64% to hit)
You shoot an arrow. The arrow hits the wight.
The wight is severely damaged.
The wight barely misses you.
Fire: a) +0 shortbow
Press: ? - help, Q - select action, (/) - cycle Shift-Dir - straight line, f/p - wight
Aim: a wight, wielding a +6 scimitar of freezing and wearing a +0 robe (severely damaged, 64% to hit)
You shoot an arrow.
The arrow hits the wight but does no damage.
The wight is severely damaged.
The wight hits you with a +6 scimitar of freezing!
You die...

## .... #. ##P#.# .≈
..<. #. ......#.≈ ......
#P...#.§ ...#. ##..<#.§
#... #....#.§ #...##
#.....##
#...z#########.......
#...@................
#....................
#....................
.............##.......)
..##.........####.....))
. #..........# #.......
............# #......[
..>.........# ##......
............# ###.....


You could see a wight.

Vanquished Creatures
  Blork the orc (D:4)
  3 wights (D:4)
  A vampire bat (D:3)
  A hound (D:3)
  A jelly (D:4)
  An orc priest (D:4)
  An iguana (D:4)
  Natasha (thrice) (D:3)
  6 adders
  2 worms
  A dart slug (D:2)
  3 fire bats (D:3)
  5 orcs (D:3)
  2 spectral bats (D:3)
  3 ball pythons
  3 bat skeletons (D:3)
  A bat zombie (D:3)
  3 endoplasms
  2 giant cockroaches
  6 goblins
  11 hobgoblins
  7 jackals
  3 kobolds
  4 quokkas
  15 bats
  A bat simulacrum (D:3)
  4 frilled lizards
  3 rats
97 creatures vanquished.

Notes
Turn   | Place    | Note
-------+----------+-------------------------------------------
     0 | D:1      | AlmostDecent the Gargoyle Hunter began the quest for the
                  | Orb.
     0 | D:1      | Reached XP level 1. HP: 12/12 MP: 1/1
   111 | D:1      | Reached XP level 2. HP: 18/18 MP: 2/2
   279 | D:1      | Found Ided Akut's Magic Scroll Shop.
   558 | D:1      | Reached XP level 3. HP: 22/22 MP: 3/3
   671 | D:2      | Reached skill level 5 in Ranged Weapons
   841 | D:2      | Reached XP level 4. HP: 25/27 MP: 4/4
  1387 | D:3      | Noticed Natasha
  1400 | D:3      | Reached XP level 5. HP: 19/31 MP: 5/5
  1406 | D:3      | HP: 1/31 [Natasha (5)]
  1408 | D:3      | Killed Natasha
  1409 | D:3      | Reached skill level 6 in Ranged Weapons
  1607 | D:3      | Found a shadowy altar of Dithmenos.
  1635 | D:3      | Noticed Natasha
  1639 | D:3      | Killed Natasha
  1699 | D:3      | Reached skill level 1 in Armour
  1943 | D:3      | Noticed Natasha
  1948 | D:3      | Killed Natasha
  1949 | D:3      | Reached XP level 6. HP: 27/36 MP: 6/6
  2213 | D:3      | Reached skill level 7 in Ranged Weapons
  2294 | D:3      | Found a glowing silver altar of Zin.
  2611 | D:4      | Reached XP level 7. HP: 17/41 MP: 7/7
  2777 | D:4      | Noticed Blork the orc
  2784 | D:4      | Killed Blork the orc
  2785 | D:4      | Reached skill level 8 in Ranged Weapons
  2902 | D:4      | Slain by a wight

Illustrated notes

Levels and vault maps discovered:
D:1:      dpeg_arrival_tiny_a, layout_basic, serial_shops, shop
D:2:      layout_loops_ring, st_stairs_7, kennysheep_generic_room_8
D:3:      layout_basic, zin_treasury, grunt_dithmenos_smoke_and_mirrors,
          goddamned_bats, uniq_natasha
D:4:      layout_rooms, fedhas_altar_decomposition, mainiacjoe_overflow_paths,
          mainiacjoe_overflow_alcove_1, minmay_temple_entry_poolview,
          uniq_crazy_yiuf_cottage, uniq_blork_the_orc

Skill      XL: |  1  2  3  4  5  6  7 |
---------------+----------------------+-----
Ranged Weapons | 5 6 7 8 |  8.3
Armour         | 1 |  1.8
Dodging        | 2 |  2.1
Fighting       | 3 |  3.2
Stealth        | |  1.1

Action                     |  1- 3 |  4- 6 |  7- 9 || total
---------------------------+-------+-------+-------++-------
   Fire: Shortbow          |    97 |   212 |    41 ||   350
 Armour: Leather armour    |    17 |   117 |       ||   134
  Dodge: Dodged            |    34 |   199 |     7 ||   240
